 Dungeon Crawl Stone Soup version 0.27-a0-1312-g5cdb2b3542 (webtiles) character file.

Game seed: 16068246237422243150

84 hilljack the Chiller (level 4, -3/24 HPs)
             Began as a Gargoyle Ice Elementalist on June 21, 2021.
             Slain by an orc (4 damage)
             ... on level 3 of the Dungeon.
             The game lasted 00:07:19 (3722 turns).

hilljack the Chiller (Gargoyle Ice Elementalist)    Turns: 3722, Time: 00:07:20

Health: -3/24      AC:  5    Str: 12    XL:     4   Next: 45%
Magic:  6/8        EV:  8    Int: 16    God:
Gold:   48         SH:  0    Dex: 10    Spells: 1/8 levels left

rFire    . . .     SeeInvis .   c - +0 hand axe
rCold    . . .     Faith    .   (no shield)
rNeg     + . .     Spirit   .   a - +0 robe
rPois    ∞         Reflect  .   (no helmet)
rElec    +         Harm     .   (no cloak)
rCorr    .         Rampage  .   (no gloves)
Will     .....                  (no boots)
Stlth    +.........             (no amulet)
HPRegen  0.08/turn              (no ring)
MPRegen  0.11/turn              (no ring)

@: confused, mighty, hasted, constricted, very quick
A: sickness immunity, AC +3, negative energy resistance 1, electricity
resistance, torment resistance 1, petrification resistance
a: no special abilities


You were on level 3 of the Dungeon.
You visited 1 branch of the dungeon, and saw 3 of its levels.

You collected 87 gold pieces.
You spent 39 gold pieces at shops.

Inventory:

Hand Weapons
 c - a +0 hand axe (weapon)
Missiles
 b - 15 poisoned darts
 e - 169 stones
Armour
 a - a +0 robe (worn)
 g - a scarf of invisibility
Jewellery
 h - a ring of magical power
Potions
 f - a potion of attraction
 i - a potion of lignification


   Skills:
 - Level 1.5 Dodging
 - Level 2.1 Stealth
 + Level 2.9 Spellcasting
 * Level 5.2 Ice Magic


You had one spell level left.
You knew the following spells:

 Your Spells              Type           Power      Damage    Failure   Level
a - Freeze                Ice            76%        1d9       2%          1
b - Frozen Ramparts       Ice            38%        1d5       6%          3
c - Ozocubu's Armour      Ice            19%        N/A       6%          3

Your spell library contained the following spells:

 Spells                   Type           Power      Damage    Failure   Level
 Hailstorm                Conj/Ice       10%        3d5       54%         4
 Metabolic Englaciation   Hex/Ice        5%         N/A       87%         5


Dungeon Overview and Level Annotations

Branches:
Dungeon (3/15)

Altars:

Shops:
D:2 !


Innate Abilities, Weirdness & Mutations

You are immune to sickness and miasma.
Your stone body is resilient. (AC +3)
You are immune to poison.
You resist negative energy. (rN+)
You are resistant to electric shocks. (rElec)
You are resistant to unholy torment.
You are immune to petrification.


Message History

Unknown command.
Your frozen ramparts will break if you move.
Continue?
Okay, then.
You're too confused to attack without stumbling around!
You're too confused to attack without stumbling around!
The wall freezes the bat but does no damage.
The bat hits you but does no damage.
The wall freezes the bat.
You kill the bat!
The wall freezes the orc.
The orc barely misses you.
The wall freezes something.
Something hits you. The orc hits you but does no damage.
The wall freezes the orc.
You kill the orc!
The orc hits you but does no damage.
The wall freezes something.
You hear some strange, mumbled words.
You are more confused.
Your frozen ramparts will break if you move.
Continue?
The frozen ramparts melt away as you move.
The orc hits you with a +0 whip.
* * * LOW HITPOINT WARNING * * *
The ball python bites you but does no damage.
The ball python barely misses you.
You barely miss the ball python. You miss the orc.
The orc hits you but does no damage. The ball python barely misses you.
The ball python misses you. The ball python barely misses you.
The ball python misses you.
You bump into the rock wall.
The ball python barely misses you. The ball python grabs you.
The ball python constricts you. The orc hits you with a +0 whip.
* * * LOW HITPOINT WARNING * * *
The ball python bites you.
* * * LOW HITPOINT WARNING * * *
The ball python constricts you.
You feel yourself speed up. The orc barely misses you.
The ball python bites you but does no damage.
The ball python constricts you.
It was a potion of might.
You feel very mighty all of a sudden. The orc hits you with a +0 whip.
You die...

............
..#.#.#.#..#
###..........# ..
...#.#.#.#..#
...#####..........#
.........#.#.#.#..#
..................#
......)†.#.#†#.#.##
.#.####..S@.†....#
#.#o##..#.##
#.#.###.#.# #.#.#
#.#.# #.#.# #.#.#
#.#.# #.#.# #.#.#
#.#.# .# #.# #.#.#
.# #.# #.########


You could see an orc and a ball python.

Vanquished Creatures
  Jessica (D:2)
  2 worms (D:2)
  A dart slug (D:1)
  An orc (D:3)
  2 ball pythons
  8 bats
  6 endoplasms
  A giant cockroach (D:1)
  2 goblins
  3 hobgoblins
  4 jackals (D:1)
  A quokka (D:1)
  5 frilled lizards
  4 kobolds
  9 rats
50 creatures vanquished.

Notes
Turn   | Place    | Note
-------+----------+-------------------------------------------
     0 | D:1      | hilljack the Gargoyle Ice Elementalist began the quest for
                  | the Orb.
     0 | D:1      | Reached XP level 1. HP: 10/10 MP: 3/3
   416 | D:1      | Reached XP level 2. HP: 15/15 MP: 3/5
  1062 | D:1      | Reached XP level 3. HP: 19/19 MP: 4/6
  1528 | D:1      | Learned a level 3 spell: Frozen Ramparts
  1647 | D:2      | Noticed Jessica
  1992 | D:2      | Found a faded altar of an unknown god.
  2718 | D:2      | Learned a level 3 spell: Ozocubu's Armour
  2784 | D:2      | Found Widghevi's Distillery.
  2801 | D:2      | Killed Jessica
  2802 | D:2      | Reached skill level 5 in Ice Magic
  2802 | D:2      | Reached XP level 4. HP: 12/24 MP: 2/8
  2884 | D:2      | Bought a potion of lignification for 39 gold pieces
  3720 | D:3      | HP: 1/24 [ball python (2)]
  3722 | D:3      | Slain by an orc

Illustrated notes

Levels and vault maps discovered:
D:1:      roderic_octagonal_star, layout_loops_corners, kennysheep_pointless_box
D:2:      layout_basic, serial_shops, shop, ebering_ecumenical_altar_mist,
          minmay_misc_feat_four_crosses, minivault_25,
          minmay_misc_feat_secret_circle, grunt_ministairs_12,
          kennysheep_generic_room_7, uniq_jessica
D:3:      layout_basic, grunt_ashenzari_visionary
          [grunt_ashenzari_visionary_swamp, grunt_ashenzari_visionary_spider],
          serial_glass, glass_columns_b, glass_columns_c, minmay_misc_feat_rows

Skill      XL: |  1  2  3 |
---------------+----------+-----
Ice Magic      | 5 |  5.2
Dodging        | |  1.5
Stealth        | |  2.1
Spellcasting   | |  2.9

Action                   |  1- 3 |  4- 6 || total
-------------------------+-------+-------++-------
Melee: Hand axe          |    42 |    40 ||    82
Throw: Dart              |     5 |     3 ||     8
 Cast: Freeze            |    38 |       ||    38
       Frozen Ramparts   |     3 |     1 ||     4
  Use: Scroll            |     2 |     1 ||     3
       Potion            |     1 |     2 ||     3
Armor: Robe              |    24 |    33 ||    57
Dodge: Dodged            |    39 |    43 ||    82

Table legend: (Time is in decaauts)
 A = Elapsed time spent in this place.
 B = Non-inter-level travel time spent in this place.
 C = Inter-level travel time spent in this place.
 D = Time resting spent in this place.
 E = Time spent auto-exploring this place.
 F = Levels seen in this place.
 G = Mean time per level.
                   A        B        C        D        E       F      G
               +--------+--------+--------+--------+--------+-----+--------+
         Total |   3730 |   3580 |    150 |   1002 |   2052 |   3 | 1243.3 |
       Dungeon |   3730 |   3580 |    150 |   1002 |   2052 |   3 | 1243.3 |
               +--------+--------+--------+--------+--------+-----+--------+

Top non-repeatable levels by time:
     D:1: 1756 daAuts
     D:2: 1646 daAuts
     D:3: 327 daAuts
